 Dungeon Crawl Stone Soup version 0.24-a0-516-g9de272bb65 (webtiles) character file.

Game seed: 1977899735439450988

36 Lavandula the Grasshopper (level 3, -2/16 HPs)
             Began as a Felid Warper on July 21, 2019.
             Slain by a hobgoblin
             ... wielding a +0 club
              (8 damage)
             ... on level 3 of the Dungeon.
             The game lasted 00:02:22 (1805 turns).

Lavandula the Grasshopper (Felid Warper)            Turns: 1805, Time: 00:02:23

Health: -2/16      AC:  1    Str:  8    XL:     3   Next: 19%
Magic:  7/7        EV: 18    Int: 14    God:
Gold:   84         SH:  0    Dex: 15    Spells: 2/6 levels left
                                        Lives:  0   Deaths: 0

rFire    . . .     SeeInvis +     - Unarmed
rCold    . . .     Gourm    .   (shield unavailable)
rNeg     . . .     Faith    .   (armour unavailable)
rPois    .         Spirit   .   (helmet unavailable)
rElec    .         Reflect  .   (cloak unavailable)
rCorr    .         Harm     +   (gloves unavailable)
MR       .....                  (boots unavailable)
Stlth    ++........             e - amulet of harm
HPRegen  0.05/turn              (no ring)
MPRegen  0.10/turn              (no ring)

@: quick
A: very small, no armour, no weapons or thrown items, stealth, claws 1, fangs 3,
see invisible, carnivore, speed 1, shaggy fur 1, slow metabolism 1, sharp paws
a: no special abilities


You were on level 3 of the Dungeon.
You were completely stuffed.

You visited 1 branch of the dungeon, and saw 3 of its levels.

You collected 84 gold pieces.

Inventory:

Jewellery
 e - an amulet of harm (around neck)
Scrolls
 b - a scroll of blinking
 d - a scroll of teleportation {unknown}
 f - a scroll of remove curse {unknown}
 h - a scroll of magic mapping {unknown}
 i - a scroll of enchant weapon {unknown}
Potions
 a - a potion of heal wounds {unknown}
 g - 2 potions of flight {unknown}
 k - 2 potions of mutation {unknown}
Comestibles
 c - 2 rations
 j - a chunk of flesh


   Skills:
 - Level 2.0 Fighting
 - Level 3.2 Dodging
 + Level 3.7 Unarmed Combat
 - Level 2.0 Spellcasting
 - Level 4.4 Translocations


You had 2 spell levels left.
You knew the following spells:

 Your Spells              Type           Power        Failure   Level  Hunger
a - Blink                 Tloc           N/A          6%          2    ###....
b - Shroud of Golubria    Chrm/Tloc      #.....       14%         2    ###....

Your spell library contained the following spells:

 Spells                   Type           Power        Failure   Level  Hunger
 Gell's Gravitas          Tloc           ##........   12%         3    ####...
 Lesser Beckoning         Tloc           ##........   12%         3    ####...
 Teleport Other           Tloc           ##......     12%         3    ####...
 Passage of Golubria      Tloc           N/A          36%         4    #####..


Dungeon Overview and Level Annotations

Branches:
Dungeon (3/15)

Altars:
Qazlal


Innate Abilities, Weirdness & Mutations

You cannot wear armour.
You are incapable of wielding weapons or throwing items.
Your paws allow you to move quietly. (Stealth)
You have sharp claws.
You have razor-sharp teeth.
You have supernaturally acute eyesight. (SInv)
You are carnivorous and can eat meat at any time.
You cover ground quickly.
You are covered in fur. (AC +1)
You have a slow metabolism.
Your sharp claws are effective at attacking unaware monsters.


Message History

You barely miss the hobgoblin. The hobgoblin completely misses you.
You scratch the hobgoblin but do no damage.
The hobgoblin misses you.
You scratch the hobgoblin but do no damage.
The hobgoblin misses you.
You completely miss the hobgoblin. The hobgoblin misses you.
You closely miss the hobgoblin. The hobgoblin closely misses you.
You scratch the hobgoblin but do no damage.
The hobgoblin hits you with a +0 club.
You barely miss the hobgoblin. You barely miss the hobgoblin.
The hobgoblin misses you.
You closely miss the hobgoblin. The hobgoblin completely misses you.
You scratch the hobgoblin. Your bite misses the hobgoblin.
The hobgoblin is severely wounded.
The hobgoblin hits you with a +0 club.
You barely miss the hobgoblin.
The hobgoblin is severely wounded.
The hobgoblin hits you with a +0 club!
Ouch! That really hurt!
You die...

.........#
.........##
....>....^##
.......<...#####
#...............
#..........####.
#..........#
...........###..
##......@.......
........g.......
...............#
..............#
...............
..............#
..............#
#........#....#


You could see a hobgoblin.

Vanquished Creatures
  A gnoll (D:1)
  2 leopard geckos
  2 giant cockroaches
  4 goblins
  4 hobgoblins (D:1)
  A ball python (D:1)
  2 bats
  2 frilled lizards
  A kobold (D:1)
  7 rats
26 creatures vanquished.

Notes
Turn   | Place    | Note
-------+----------+-------------------------------------------
     0 | D:1      | Lavandula the Felid Warper began the quest for the Orb.
     0 | D:1      | Reached XP level 1. HP: 9/9 MP: 4/4
   229 | D:1      | Reached XP level 2. HP: 13/13 MP: 6/6
   583 | D:1      | Learned a level 2 spell: Blink
   586 | D:1      | Learned a level 2 spell: Shroud of Golubria
  1576 | D:2      | Reached XP level 3. HP: 16/16 MP: 7/7
  1582 | D:2      | Noticed a water moccasin
  1736 | D:2      | Found a stormy altar of Qazlal.
  1805 | D:3      | Slain by a hobgoblin

Levels and vault maps discovered:
D:1:      scummos_arrival_hexagon, layout_basic, minmay_pentomino_x2
D:2:      layout_rooms, lemuel_round_altar, first_ration
D:3:      layout_rooms, uniq_natasha

Skill      XL: |  1  2 |
---------------+-------+-----
Unarmed Combat | 3 |  3.7
Fighting       | |  2.0
Dodging        | |  3.2
Spellcasting   | |  2.0
Translocations | |  4.4

Action                   || total
-------------------------++-------
Melee: Unarmed           ||    89
       Bite              ||     5
 Stab: Sleeping          ||     5
  Eat: Chunk             ||     9
Armor: Skin              ||     2
Dodge: Dodged            ||    64

Table legend:
 A = Non-vault XP
 B = Vault XP
 C = Vault XP percentage of total XP
 D = Non-vault monster count
 E = Vault monster count
 F = Vault count percentage of total count
                 A         B        C        D         E       F
            +---------+---------+-------+---------+---------+-------
      Total |      49 |       3 |   5.8 |      24 |       2 |   7.7
            +---------+---------+-------+---------+---------+-------
        D:1 |      39 |       3 |   7.1 |      18 |       2 |  10.0
        D:2 |      10 |       0 |   0.0 |       6 |       0 |   0.0
            +---------+---------+-------+---------+---------+-------
